 Dungeon Crawl Stone Soup version 0.30-a0-586-g23e55c9e0a (webtiles) character file.

Game seed: 16688143062581322764

77 sokol815 the Sneak (level 4, -3/31 HPs)
             Began as an Octopode Delver on Jan 4, 2023.
             Slain by a gnoll
             ... wielding a +0 flail
              (12 damage)
             ... on level 3 of the Dungeon.
             The game lasted 00:06:28 (2548 turns).

sokol815 the Sneak (Octopode Delver)                Turns: 2548, Time: 00:06:29

Health: -3/31      AC:  1    Str: 11    XL:     4   Next: 34%
Magic:  1/14       EV: 13    Int: 14    God:
Gold:   190        SH:  0    Dex: 13    Spells: 3/5 levels left

rFire   . . .      SeeInvis .    a - +0 short sword
rCold   . . .      Faith    .    (no shield)
rNeg    . . .      Spirit   .    (helmet restricted)
rPois   .          Reflect  .    (no amulet)
rElec   .          Harm     .    Z - ring of wizardry {Wiz+, !d}
rCorr   .          Rampage  .    f - ring of magical power {MP+9}
Will    .....                    (no ring)
Stlth   ++++                     (no ring)
HPRegen 0.25/turn                (no ring)
MPRegen 0.14/turn                (no ring)
                                 (no ring)
                                 (no ring)

@: no status effects
A: almost no armour, amphibious, 8 rings, camouflage 1, gelatinous body 1,
(nimble swimmer 1), tentacles
a: no special abilities


You were on level 3 of the Dungeon.
You visited 2 branches of the dungeon, and saw 6 of its levels.

You collected 190 gold pieces.

Inventory:

Hand Weapons
 a - a +0 short sword (weapon)
Missiles
 n - 4 poisoned darts
 s - 15 stones
Jewellery
 f - a ring of magical power (right tentacle) {MP+9}
   (You found it on level 2 of the Dungeon)
 Z - a ring of wizardry (left tentacle) {Wiz+, !d}
   (You found it on level 5 of the Dungeon)
Wands
 d - a wand of digging (3)
Scrolls
 b - a scroll of fog
 E - a scroll of fear
 X - a scroll of magic mapping {@r4!r}
Potions
 c - a potion of heal wounds {unknown}
 e - a potion of attraction {unknown}
 m - a potion of brilliance {unknown}
 J - a potion of curing {@q1}


   Skills:
 - Level 3.0 Fighting
 + Level 3.9 Short Blades
 - Level 2.0 Dodging
 - Level 6.6 Stealth
 - Level 1.0 Spellcasting
 + Level 0.8 Air Magic
 + Level 1.0 Poison Magic


You had 3 spell levels left.
You knew the following spells:

 Your Spells              Type           Power      Damage    Failure   Level
a - Poisonous Vapours     Pois/Air       6%         N/A       11%         2

Your spell library contained the following spells:

 Spells                   Type           Power      Damage    Failure   Level
 Sting                    Tmut/Pois      8%         1d3       9%          1
 Beastly Appendage        Tmut           0%         N/A       11%         1
 Wereblood                Tmut           0%         N/A       16%         2
 Ignite Poison            Fire/Tmut/Pois 1%         N/A       26%         3
 Kindle Blastsparks       Fire/Tloc/Air  2%         2d10      26%         3
 Spider Form              Tmut/Pois      2%         N/A       26%         3
 Olgreb's Toxic Radiance  Pois           3%         N/A       52%         4
 Freezing Cloud           Conj/Ice/Air   0%         6-21      92%         5


Dungeon Overview and Level Annotations

Branches:
Dungeon (5/15) Zot: 25120  Temple (1/1) D:5 Zot: 5768

Altars:
Ashenzari
Cheibriados
Hepliaklqana
Kikubaaqudgha
Makhleb
Nemelex Xobeh
Ru
Sif Muna
Trog
Uskayaw
Vehumet
Wu Jian
Yredelemnul
The Shining One

Shops:
D:1 (


Innate Abilities, Weirdness & Mutations

You cannot wear most types of armour.
You are amphibious.
You can wear up to eight rings at the same time.
Your skin changes colour to match your surroundings (Stealth+).
Your rubbery body absorbs attacks. (AC +1, EV +1)
((You are camouflaged when in or above water. (Stealth+)))
You have tentacles for arms and can constrict up to eight enemies at once.


Message History

The goblin shoots a sling bullet.
The sling bullet hits you.
You take 3 damage, and have 28/31 hp.
The goblin shoots a sling bullet.
The sling bullet closely misses you.
The goblin unwields a +0 sling.
The goblin wields a +0 club.
The goblin hits you with a +0 club.
You hit the goblin. Your grab misses the goblin.
The goblin hits you with a +0 club.
You take 1 damage, and have 27/31 hp.
You hit the goblin.
You kill the goblin!
No target in view!
Things that are here:
a +0 club; a +0 sling; a goblin corpse A goblin comes into view.
It is wielding a +0 club.
Health restored: 31 The helpless goblin fails to defend itself.
You impale the goblin!!
You kill the goblin!
No target in view!
Things that are here:
a +0 club; a +0 sling; a goblin corpse A worm comes into view.
A quokka comes into view.
The helpless worm fails to defend itself.
You impale the worm!!
You kill the worm!
The quokka bites you but does no damage.
You hit the quokka. Your grab misses the quokka. You squeeze the quokka.
You kill the quokka!
No target in view!
You see here a quokka corpse.
You see here a quokka corpse.
A ball python comes into view.
A gnoll comes into view. It is wielding a +0 club.
The ball python bites you. The ball python closely misses you.
You take 3 damage, and have 28/31 hp.
You hit the ball python.
You kill the ball python!
The gnoll completely misses you.
You hit the gnoll. You grab the gnoll.
You constrict the gnoll, but do no damage.
The gnoll hits you with a +0 club.
You take 5 damage, and have 24/31 hp.
You hit the gnoll.
You squeeze the gnoll, but do no damage.
You constrict the gnoll.
The gnoll struggles to escape constriction.
You hit the gnoll. You constrict the gnoll. You hit the gnoll but do no damage.
You constrict the gnoll. The gnoll hits you with a +0 club.
You take 3 damage, and have 21/31 hp.
You hit the gnoll but do no damage. You squeeze the gnoll.
You kill the gnoll!
Your Poison Magic skill increases to level 1!
No target in view!
A gnoll comes into view. It is wielding a +0 halberd.
You regained 5 hp, and now have 26/31 hp.
The spell fizzles.
The gnoll shouts!
You now have 12/14 mp.
The spell fizzles.
The gnoll closely misses you.
You now have 10/14 mp.
The spell fizzles.
The gnoll hits you from afar with a +0 halberd!
You take 6 damage, and have 21/31 hp.
You now have 8/14 mp.
The spell fizzles.
The gnoll misses you.
A gnoll comes into view. It is wielding a +0 flail.
You now have 6/14 mp.
Aim: a gnoll, wielding a +0 halberd Poisonous vapours surround the gnoll!
The gnoll is poisoned.
The gnoll shouts!
You hear a shout!
You hear an angry hiss.
A gnoll comes into view. It is wielding a +0 whip.
The gnoll hits you from afar with a +0 halberd!
You take 7 damage, and have 14/31 hp.
MASSIVE DAMAGE!!
You now have 4/14 mp.
The gnoll looks more healthy.
Aim: a gnoll, wielding a +0 halberd (moderately wounded) Poisonous vapours surround the gnoll!
The gnoll is poisoned.
The gnoll hits you from afar with a +0 halberd.
You take 4 damage, and have 12/31 hp.
You now have 4/14 mp.
An adder comes into view.
Aim: a gnoll, wielding a +0 halberd (moderately wounded) Poisonous vapours surround the gnoll!
The gnoll is poisoned.
You now have 4/14 mp.
Aim: a gnoll, wielding a +0 halberd (moderately wounded, poisoned) Poisonous vapours surround the gnoll!
The gnoll looks even sicker.
The gnoll hits you from afar with a +0 halberd.
You take 3 damage, and have 13/31 hp.
You now have 2/14 mp.
Aim: a gnoll, wielding a +0 halberd (moderately wounded, very poisoned) Poisonous vapours surround the gnoll!
The gnoll looks even sicker.
The gnoll hits you from afar with a +0 halberd!
* * * LOW HITPOINT WARNING * * *
You take 10 damage, and have 3/31 hp.
MASSIVE DAMAGE!!
You now have 0/14 mp.
You feel better. The gnoll hits you with a +0 flail!
You die...

##############...####
#...# #...### #.###.. #.#
#.# ####### ########.#
#.# #.....#
#......g.###.####
#.....###.....g.........#
#.....)......@...###.####
#.....###.....#...##.####
#.....# #..........#....#
###.### #######...#######
#.# ##.## ###.###### #.#
#........# #.# #.#.####.#
#+# #........#


You could see 2 gnolls.

Vanquished Creatures
  A gnoll (D:3)
  2 adders (D:2)
  An ufetubus (D:2)
  A worm (D:3)
  A dart slug (D:2)
  2 ball pythons
  5 bats
  4 endoplasms
  A giant cockroach (D:1)
  7 goblins
  3 jackals (D:3)
  2 kobolds
  2 quokkas
  2 frilled lizards
  4 rats
  A bush (D:1)
39 creatures vanquished.

Vanquished Creatures (others)
  A plant (D:1)
1 creature vanquished.

Grand Total: 40 creatures vanquished

Notes
Turn   | Place    | Note
-------+----------+-------------------------------------------
     0 | D:5      | sokol815 the Octopode Delver began the quest for the Orb.
     0 | D:5      | Reached XP level 1. HP: 16/16 MP: 1/1
    35 | D:5      | Found a staircase to the Ecumenical Temple.
    45 | Temple   | Entered the Ecumenical Temple
   298 | D:5      | Noticed a yak
   299 | D:5      | Noticed a yak
   299 | D:5      | Noticed a yak
   300 | D:5      | Noticed a yak
   320 | D:4      | Noticed an ogre
   371 | D:3      | Found a hide-covered altar of Uskayaw.
   404 | D:3      | Found a sacrificial altar of Ru.
   463 | D:3      | Reached XP level 2. HP: 18/21 MP: 2/2
   615 | D:2      | Reached skill level 3 in Short Blades
   735 | D:1      | Reached XP level 3. HP: 24/26 MP: 3/3
   792 | D:1      | Found Zaukofap's Antique Weapon Shop.
  1875 | D:2      | Reached skill level 1 in Spellcasting
  1942 | D:2      | Learned a level 2 spell: Poisonous Vapours
  2242 | D:3      | Reached XP level 4. HP: 31/31 MP: 5/5
  2487 | D:3      | Reached skill level 1 in Poison Magic
  2543 | D:3      | HP: 3/31 [gnoll/+0 halberd (10)]
  2548 | D:3      | Slain by a gnoll

Illustrated notes

Levels and vault maps discovered:
D:1:      giann_bridges, layout_loops_ring, serial_shops, nicolae_diamond_shop,
          serial_forest, infiniplex_forest_lined_room_3,
          infiniplex_forest_end_2, infiniplex_forest_clump_double,
          infiniplex_forest_clump_double, infiniplex_forest_end_1,
          infiniplex_forest_lined_3, infiniplex_forest_clump_large,
          chequers_decorated_corner
D:2:      layout_basic
D:3:      layout_loops_corners, mainiacjoe_overflow_alcove_4,
          mainiacjoe_overflow_large_starburst, gammafunk_ghost_smash
D:4:      layout_cave_pools, nicolae_qazlal_general_emergency
D:5:      layout_cave_pods, xom_redecorated, fedhas_altar_3, temple_statues
Temple:   chequers_temple_sunken

Skill      XL: |  1  2  3  4 |
---------------+-------------+-----
Short Blades   | 3 |  3.9
Spellcasting   | 1 |  1.0
Poison Magic   | 1 |  1.0
Fighting       | |  3.0
Dodging        | |  2.0
Stealth        | |  6.6
Air Magic      | |  0.8

Action                   |  1- 3 |  4- 6 || total
-------------------------+-------+-------++-------
Melee: Short sword       |   187 |    12 ||   199
       Constrict         |    12 |     1 ||    13
       Tentacles         |    65 |     4 ||    69
       Punch             |     3 |       ||     3
Throw: Stone             |     2 |       ||     2
 Cast: Poisonous Vapours |       |     9 ||     9
  Use: Potion            |     1 |     1 ||     2
       Scroll            |     6 |     1 ||     7
 Stab: Sleeping          |    13 |     2 ||    15
Armor: Skin              |     4 |     1 ||     5
Dodge: Dodged            |    27 |     7 ||    34

Table legend: (Time is in decaauts)
 A = Elapsed time spent in this place.
 B = Non-inter-level travel time spent in this place.
 C = Inter-level travel time spent in this place.
 D = Time resting spent in this place.
 E = Time spent auto-exploring this place.
 F = Levels seen in this place.
 G = Mean time per level.
                   A        B        C        D        E       F      G
               +--------+--------+--------+--------+--------+-----+--------+
         Total |   2495 |   2332 |    163 |     58 |   1839 |   6 |  415.8 |
       Dungeon |   2263 |   2129 |    134 |     58 |   1643 |   5 |  452.6 |
        Temple |    231 |    202 |     29 |      0 |    196 |   1 |  231.0 |
               +--------+--------+--------+--------+--------+-----+--------+

Top non-repeatable levels by time:
     D:1: 1093 daAuts
     D:3: 582 daAuts
     D:2: 503 daAuts
  Temple: 231 daAuts
     D:5: 79 daAuts
     D:4: 5 daAuts

Table legend:
 A = Kills in this place as a percentage of kills in entire the game.
 B = Kills by you in this place as a percentage of kills by you in the entire game.
 C = Kills by friends in this place as a percentage of kills by friends in the entire game.
 D = Other kills in this place as a percentage of other kills in the entire game.
 E = Experience gained in this place as a percentage of experience gained in the entire game.
 F = Experience gained in this place divided by the number of levels of this place that you have seen.
                   A       B       C       D       E      F
               +-------+-------+-------+-------+-------+----------------------
         Total | 100.0 | 100.0 |   N/A |   N/A | 100.0 |  18.5
       Dungeon | 100.0 | 100.0 |   N/A |   N/A | 100.0 |  22.2
               +-------+-------+-------+-------+-------+----------------------
